 Dungeon Crawl Stone Soup version 0.18.1-50-g88ac8fd (webtiles) character file.

191 Monkfish the Sneak (level 6, 0/36 HPs)
             Began as a Kobold Assassin on Oct 22, 2016.
             Succumbed to a scorpion's poison
             ... on level 3 of the Dungeon.
             The game lasted 00:09:07 (2974 turns).

Monkfish the Sneak (Kobold Assassin)                Turns: 2974, Time: 00:09:08

Health: 0/36       AC:  5    Str:  9 (10) XL:     6   Next: 1%
Magic:  6/6        EV: 14    Int:  9      God:
Gold:   180        SH:  0    Dex: 19      Spells: 0 memorised, 5 levels left

rFire  . . .     SeeInvis +     l - +1 dagger (freeze)
rCold  . . .     Gourm    .     c - +1 robe
rNeg   . . .     Faith    .     (shield restricted)
rPois  .         Spirit   .     n - +0 helmet
rElec  .         Dismiss  .     d - +0 cloak
rCorr  .         Reflect  .     (no gloves)
SustAt .         Harm     .     (no boots)
MR     .....                    (no amulet)
Stlth  ++++......               (no ring)
                                o - ring of see invisible

@: lethally poisoned (0 -> -5), not resistant to hostile enchantments, stealthy
A: carnivore 3
a: no special abilities


You were on level 3 of the Dungeon.
You were very full.

You visited 1 branch of the dungeon, and saw 3 of its levels.

You collected 180 gold pieces.

Inventory:

Hand Weapons
 b - a +0 blowgun
 j - a +1 dagger of speed
 l - a +1 dagger of freezing (weapon)
Missiles
 e - 12 poisoned needles
 f - 2 curare-tipped needles
Armour
 c - a +1 robe (worn)
 d - a +0 cloak (worn)
 n - a +0 helmet (worn)
Jewellery
 o - a ring of see invisible (left hand)
Wands
 k - a wand of polymorph (3/24)
Scrolls
 a - a scroll of teleportation
 p - 2 scrolls of fog
 q - a scroll of noise {unknown}
Comestibles
 g - a meat ration
 i - a beef jerky
 m - 2 royal jellies


   Skills:
 + Level 2.7 Fighting
 + Level 3.1 Short Blades
 * Level 4.3 Throwing
 - Level 1.2 Dodging
 + Level 7.4 Stealth


You had 5 spell levels left.
You didn't know any spells.

Dungeon Overview and Level Annotations

Branches:
Dungeon (3/15)

Altars:
Cheibriados
Kikubaaqudgha
Ru


Innate Abilities, Weirdness & Mutations

You are small and have problems with some larger weapons.
You are carnivorous and can eat meat at any time.


Message History

The scorpion is severely wounded.
You feel sick. The scorpion stings you!
* * * LOW HITPOINT WARNING * * *
You aren't carrying any potions.
Unknown command.
You aren't carrying any potions.
You barely miss the scorpion.
The scorpion is severely wounded.
The scorpion misses you.
You hit the scorpion but do no damage.
The scorpion is severely wounded.
* * * LOW HITPOINT WARNING * * *
You feel sick. The scorpion barely misses you.
You hit the scorpion but do no damage.
The scorpion is severely wounded.
The scorpion barely misses you.
* * * LOW HITPOINT WARNING * * *
You feel sick.
Unknown command.
You die...

...+...PP....)o)((.....
...####.)....#####.#.#####
.......[≈≈≈≈≈..o..........
.......÷≈≈≈≈.#####.#.#.##
####..#P≈≈...#####.#.####
#............N.)........).
#.#.....#..#######..######
..#.....#.#.)..s.#.....
........#.#.####@#...###
..#.##..#.#.#....#...#
(.#.....#.#.#.#..#...#
..#####.#.#.# #..#....
.... ......# #..#...#.
#### ##.#.### #..# # #.#..
...# #.# ## #.## #..


You could see a scorpion.

Vanquished Creatures
  An orc priest (D:3)
  Jessica (D:3)
  A hound skeleton (D:3)
  Robin (D:2)
  2 adders
  An adder skeleton (D:3)
  An adder zombie (D:3)
  A worm (D:2)
  A dart slug (D:2)
  A giant gecko (D:1)
  5 orcs
  7 bats
  A giant cockroach (D:3)
  22 goblins
  7 hobgoblins
  3 jackals (D:2)
  2 quokkas
  4 giant newts
  A jackal skeleton (D:3)
  6 kobolds
  5 rats
74 creatures vanquished.

Notes
Turn   | Place    | Note
--------------------------------------------------------------
     0 | D:1      | Monkfish the Kobold Assassin began the quest for the Orb.
     0 | D:1      | Reached XP level 1. HP: 12/12 MP: 1/1
   267 | D:1      | Reached XP level 2. HP: 17/17 MP: 2/2
   283 | D:1      | Reached skill level 6 in Stealth
   475 | D:1      | Reached XP level 3. HP: 16/21 MP: 3/3
   801 | D:2      | HP: 1/21 [worm (8)]
  1327 | D:2      | Found a snail-covered altar of Cheibriados.
  1502 | D:2      | Reached XP level 4. HP: 13/27 MP: 4/4
  1542 | D:2      | Reached skill level 7 in Stealth
  1669 | D:2      | Noticed Robin
  1701 | D:2      | Killed Robin
  2511 | D:3      | Found an ancient bone altar of Kikubaaqudgha.
  2514 | D:3      | Reached XP level 5. HP: 31/31 MP: 5/5
  2573 | D:3      | Found a sacrificial altar of Ru.
  2649 | D:3      | Noticed Jessica
  2679 | D:3      | Killed Jessica
  2924 | D:3      | Noticed a naga
  2924 | D:3      | an orc priest changed into a naga
  2940 | D:3      | Reached XP level 6. HP: 30/36 MP: 6/6
  2959 | D:3      | a naga changed into a scorpion
  2970 | D:3      | HP: 1/36 [poisoned by a scorpion]
  2974 | D:3      | Succumbed to a scorpion's poison

Skill      XL: |  1  2  3  4  5 |
---------------+----------------+-----
Stealth        | 6 7 |  7.4
Throwing       | 3 4 |  4.3
Short Blades   | 3 |  3.1
Fighting       | |  2.7
Dodging        | |  1.2

Action                   |  1- 3 |  4- 6 || total
-------------------------+-------+-------++-------
Melee: Dagger            |    79 |   144 ||   223
       Unarmed           |       |    10 ||    10
 Fire: Blowgun           |    38 |    39 ||    77
Evoke: Wand              |       |     5 ||     5
  Use: Scroll            |     4 |     6 ||    10
       Potion            |     3 |     1 ||     4
 Stab: Sleeping          |     7 |     2 ||     9
       Distracted        |     1 |       ||     1
  Eat: Chunk             |     9 |     6 ||    15
Armor: Robe              |    16 |    38 ||    54
Dodge: Dodged            |    67 |   141 ||   208
